cohdb
Replays
Latest Replays
All Replays
Popular Replays
Top Player Replays
Match Explorer
How It Works
Community
CoH3 Stats
Reddit
Sign in to upload your games and track your stats! →
Sign in with Steam
Match 38150774
Unlisted
Match 38150774
Overview
Messages
Build Orders
End
Panzergrenadier Squad
Panzergrenadier Squad
Construct Light Support Kompanie
MG34 Team
2.5-tonne Medical Truck
Fire Support Elements
le.IG 18 Mechanized Group
Pak 38 Anti-tank Gun Team
le.IG 18 Support Gun Team
le.IG 18 Mechanized Group
Construct Panzerarmee Kommand
Selects Armored Support Battlegroup
Selects Salvage Kits
Selects Veteran Gunners
Armored Reserves
Flak 36 Anti-tank Gun Team
Rapid Advance
Tiger Heavy Tank
Tungsten Core Ammunition
Advanced Field Repairs
Emergency Repair Kits
Tiger Heavy Tank
Panzergrenadier Squad
Leo Major
Jakydell
Mr.PantaLo0n
Specter
qZeto
Epicdeath
BIOHAZARD
Gorgolo
0
0
Comments
sign in to comment!
No comments posted yet!